 Dungeon Crawl Stone Soup version 0.31-a0-521-gc7390f8997 (webtiles) character file.

Game seed: 1371223750161473336

74 Gelion the Changeling (level 4, -7/29 HPs)
             Began as an Octopode Shapeshifter on Aug 11, 2023.
             Mangled by an orc
             ... wielding a +0 morningstar
              (10 damage)
             ... on level 2 of the Dungeon.
             The game lasted 00:01:07 (749 turns).

Gelion the Changeling (Octopode Shapeshifter)        Turns: 749, Time: 00:01:07

Health: -7/29      AC:  1    Str: 14    XL:     4   Next: 30%
Magic:  4/4        EV: 13    Int: 10    God:
Gold:   30         SH:  0    Dex: 14    Spells: 3/3 levels left

rFire   . .          .
                       - Unarmed
rCold   . . .        (no shield)
rNeg    . . .        (helmet currently unavailable)
rPois   .            (no amulet)
rElec   .            (no ring)
rCorr   .            (no ring)
SInv    .            (no ring)
Will    .....        (no ring)
Stlth   ++           (no ring)
HPRegen 0.24/turn    (no ring)
MPRegen 0.09/turn    (no ring)
                     (no ring)

%: no passive effects
@: beast-form
A: beast (slay +2), almost no armour, amphibious, 8 rings, camouflage 1,
gelatinous body 1, (nimble swimmer 1), tentacles
a: Begin Untransformation


You were on level 2 of the Dungeon.
You were a hulking beast.
You visited 1 branch of the dungeon, and saw 2 of its levels.

You collected 30 gold pieces.

Inventory:

Talismans
 b - a beast talisman (active)
 c - a flux talisman
Potions
 a - a potion of lignification
 d - a potion of heal wounds
 f - a potion of curing {unknown}


   Skills:
 + Level 2.0 Fighting
 - Level 2.0 Dodging
 + Level 3.5 Unarmed Combat
 * Level 3.8 Shapeshifting


You had 3 spell levels left.
You didn't know any spells.
Your spell library contained the following spells:

 Spells                   Type           Power      Damage    Failure   Level
 Frozen Ramparts          Ice            0%         1d1       75%         3
 Petrify                  Tmut/Erth      0%         N/A       98%         4
 Metabolic Englaciation   Hex/Ice        0%         N/A       100%        5


Dungeon Overview and Level Annotations

Branches:
Dungeon (2/15)

Altars:


Innate Abilities, Weirdness & Mutations

You are a hulking beast.
Your limbs bulge with bestial killing power. (Slay +2)
You cannot wear most types of armour.
You are amphibious.
You can wear up to eight rings at the same time.
Your skin changes colour to match your surroundings (Stealth+).
Your rubbery body absorbs attacks. (AC +1, EV +1)
((You are camouflaged when in or above water. (Stealth+)))
You have tentacles for arms and can constrict up to eight enemies at once.


Message History

You kill the orc!
You closely miss the orc. You grab the orc. You constrict the orc.
The orc closely misses you.
You tentacle-slap the orc.
The orc is almost dead.
You constrict the orc.
You kill the orc!
The orc wizard hits you with a +0 dagger.
You tentacle-slap the orc wizard. You grab the orc wizard.
The orc wizard is moderately wounded.
You constrict the orc wizard, but do no damage.
The orc wizard casts a spell at you. You resist with significant effort.
The orc priest hits you with a +0 short sword.
You barely miss the orc wizard. You squeeze the orc wizard!
The orc wizard is severely wounded.
You constrict the orc wizard.
The orc wizard hits you but does no damage.
The orc priest hits you with a +0 short sword.
You tentacle-slap the orc wizard.
You kill the orc wizard!
The orc hits you but does no damage.
The orc priest looks satisfied for a moment.
Your Fighting skill increases to level 2!
You have reached level 4!
You tentacle-slap the orc priest. Your grab misses the orc priest.
The orc priest is moderately wounded.
The orc priest invokes the aid of Beogh against you.
Beogh smites you! The orc barely misses you. The orc closely misses you.
You tentacle-slap the orc priest. Your grab misses the orc priest.
The orc priest is heavily wounded.
The orc priest closely misses you. The orc misses you.
The orc hits you with a +0 club.
* * * LOW HITPOINT WARNING * * *
You bludgeon the orc priest!
You kill the orc priest!
The orc hits you with a +0 club.
* * * LOW HITPOINT WARNING * * *
The orc hits you with a +0 morningstar!
You die...

....###.........
.....#..........
.#...)..........
................
.#....<........
#>.......<|.....
###.............
##....o........
......oh.......
.#.....o)#......
#.8...8.#......
#.......#..$...
#.......#..<...
#.......# .....
#.8...8.# ....
#.......#


You could see 3 orcs.

Vanquished Creatures
  An orc priest (D:2)
  An orc wizard (D:2)
  A gnoll (D:1)
  A dart slug (D:1)
  2 orcs (D:2)
  4 bats (D:1)
  2 endoplasms (D:1)
  4 goblins (D:1)
  2 hobgoblins (D:1)
  4 jackals (D:1)
  A quokka (D:1)
  4 ball pythons (D:1)
  3 kobolds (D:1)
  4 rats (D:1)
34 creatures vanquished.

Notes
Turn   | Place    | Note
-------+----------+-------------------------------------------
     0 | D:1      | Gelion the Octopode Shapeshifter began the quest for the
                  | Orb.
     0 | D:1      | Reached XP level 1. HP: 13/13 MP: 1/1
   126 | D:1      | Reached XP level 2. HP: 13/18 MP: 2/2
   148 | D:1      | Reached XP level 3. HP: 18/23 MP: 3/3
   643 | D:1      | Found a faded altar of an unknown god.
   747 | D:2      | Reached XP level 4. HP: 21/29 MP: 4/4
   749 | D:2      | Mangled by an orc

Illustrated notes

Levels and vault maps discovered:
D:1:      sevenhm_arrival_forest_fort_small_3, layout_rooms,
          shapermc_ecumenical_altar_mp_vishouse, nicolae_houndstooth_variations
D:2:      cheibrodos_pilgrimage, layout_rooms, basic_altar, uniq_robin

Skill      XL: |  1  2  3 |
---------------+----------+-----
Fighting       | 2 |  2.0
Dodging        | |  2.0
Unarmed Combat | |  3.5
Shapeshifting  | |  3.8

Action                     |  1- 3 |  4- 6 || total
---------------------------+-------+-------++-------
  Melee: Unarmed           |    54 |     3 ||    57
         Constrict         |    14 |       ||    14
         Punch             |     2 |       ||     2
         Tentacles         |     8 |       ||     8
    Use: Scroll            |     3 |       ||     3
   Stab: Sleeping          |     4 |       ||     4
 Armour: Skin              |     2 |       ||     2
  Dodge: Dodged            |    30 |     4 ||    34

Table legend: (Time is in decaauts)
 A = Elapsed time spent in this place.
 B = Non-inter-level travel time spent in this place.
 C = Inter-level travel time spent in this place.
 D = Time resting spent in this place.
 E = Time spent auto-exploring this place.
 F = Levels seen in this place.
 G = Mean time per level.
                   A        B        C        D        E       F      G
               +--------+--------+--------+--------+--------+-----+--------+
         Total |    745 |    699 |     46 |      0 |    557 |   2 |  372.5 |
       Dungeon |    745 |    699 |     46 |      0 |    557 |   2 |  372.5 |
               +--------+--------+--------+--------+--------+-----+--------+

Top non-repeatable levels by time:
     D:1: 732 daAuts
     D:2: 13 daAuts
